 Dungeon Crawl Stone Soup version 0.21.1-1-g345015fe64 (webtiles) character file.

1696 KleinerIrrer the Grappler (level 9, -3/63 HPs)
             Began as an Octopode Transmuter on Mar 25, 2018.
             Was an Initiate of Wu Jian.
             Slain by a wight
             ... wielding a +5 trident
              (10 damage)
             ... on level 6 of the Dungeon.
             The game lasted 00:21:59 (7214 turns).

KleinerIrrer the Grappler (Octopode Transmuter)     Turns: 7214, Time: 00:22:00

Health: -3/63      AC:  5    Str: 13    XL:     9   Next: 3%
Magic:  2/12       EV: 11    Int: 20    God:    Wu Jian [......]
Gold:   300        SH:  0    Dex: 12    Spells: 5/12 levels left

rFire    x . .     SeeInvis .     - Unarmed
rCold    + + +     Gourm    .   (shield currently unavailable)
rNeg     . . .     Faith    .   (helmet currently unavailable)
rPois    +         Spirit   .   (no amulet)
rElec    .         Reflect  .   k - +5 ring of intelligence
rCorr    .         Harm     .   y - ring of wizardry
MR       .....                  A - ring of protection from cold
Stlth    +.........             (no ring)
HPRegen  0.20/turn              (no ring)
MPRegen  0.13/turn              (no ring)
                                (no ring)
                                (no ring)

@: ice-form, drained
A: large, almost no armour, stealthy swim, amphibious, 8 rings, (constrict 8)
a: End Transformation, Renounce Religion


You were on level 6 of the Dungeon.
You worshipped Wu Jian.
Wu Jian was noncommittal.
You were hungry.
You were a creature of crystalline ice.
You visited 2 branches of the dungeon, and saw 8 of its levels.
You also visited: Sewer.

You collected 300 gold pieces.

Inventory:

Missiles
 a - 67 arrows
Armour
 w - a +1 hat (melded)
Magical Staves
 s - an uncursed staff of power {unknown}
Jewellery
 k - a +5 ring of intelligence (left front paw)
 y - a ring of wizardry (right front paw)
 A - a ring of protection from cold (on tentacle)
Wands
 e - a wand of flame (9)
 B - a wand of acid (7)
Scrolls
 d - a scroll of fear
 f - 2 scrolls of noise
 g - 5 scrolls of teleportation
 h - a scroll of amnesia
 i - 4 scrolls of remove curse
 n - a scroll of fog
 o - a scroll of blinking
 z - 2 scrolls of enchant weapon
Potions
 j - 2 potions of brilliance {unknown}
 l - 2 potions of degeneration {unknown}
 m - a potion of invisibility {unknown}
 p - a potion of berserk rage {unknown}
 q - 5 potions of curing
 r - a potion of flight {unknown}
 t - 2 potions of heal wounds {unknown}
 u - 3 potions of might {unknown}
 v - 3 potions of agility {unknown}
 D - a potion of lignification {unknown}
 E - a potion of haste
Books
 b - a book of Changes

   Spells                             Type                      Level
   a - Beastly Appendage              Transmutation                1
   b - Sticks to Snakes               Transmutation                2
   c - Spider Form                    Transmutation/Poison         3
   d - Ice Form                       Ice/Transmutation            4
   e - Blade Hands                    Transmutation                5
Comestibles
 c - 7 rations
 C - 6 chunks of flesh


   Skills:
 - Level 1.0(0.4) Fighting
 + Level 4.4(3.8) Dodging
 + Level 9.1(8.4) Unarmed Combat
 - Level 2.0(1.4) Spellcasting
 * Level 6.2(5.6) Transmutations
 - Level 0.2(0.0) Ice Magic


You had 5 spell levels left.
You knew the following spells:

 Your Spells              Type           Power        Failure   Level  Hunger
a - Beastly Appendage     Tmut           ###...       1%          1    ##.....
b - Sticks to Snakes      Tmut           ###.....     1%          2    ###....
c - Ice Form              Ice/Tmut       ##......     21%         4    #####..


Dungeon Overview and Level Annotations

Branches:
Dungeon (7/15)             Temple (1/1) D:4

Altars:
Ashenzari
Cheibriados
Dithmenos
Elyvilon
Gozag
Hepliaklqana
Kikubaaqudgha
Makhleb
Nemelex Xobeh
Okawaru
Ru
Trog
Uskayaw
Vehumet
Wu Jian
Xom
Yredelemnul
Zin
The Shining One

Annotations:
D:5 FTLSpaceWarp's ghost, novice MiMo


Innate Abilities, Weirdness & Mutations

You cannot wear most types of armour.
You are very stealthy in the water. (Stealth+)
You are amphibious.
You can wear up to eight rings at the same time.
((You can use your tentacles to constrict eight enemies at once.))
((Your skin changes colour to match your surroundings (Stealth+).))
((Your rubbery body absorbs attacks. (AC +1, EV +1)))


Message History

The wight hits you with an enchanted trident!
You feel drained.
You punch the wight!
The wight is heavily damaged.
You warm up again.
Your +1 hat unmelds from your body.
The wight hits you with an enchanted trident!
* * * LOW HITPOINT WARNING * * *
You closely miss the wight. Your grab misses the wight.
The wight is heavily damaged.
The wight hits you with an enchanted trident.
* * * LOW HITPOINT WARNING * * *
You feel drained.
* * * LOW HITPOINT WARNING * * *
Casting: Ice Form
Confirm with . or Enter, or press ? or * to list all spells.
You turn into a creature of crystalline ice.
Your +1 hat melds into your body.
The wight hits you with an enchanted trident!
You die...

#.....# #.#####
#(##.# #....#
####.#
########### #.#
#.........###
#.#
#.#######...#
#.#
#..)Yz..#.:.#
#.#
#######.#...#
#.###
#.#...####...##
#.#.#.........#
#.....####.##.#
###.#### #.##.#
#....# #.##.#
####[# #.##..
#.# #.####


You could see a wight.

Vanquished Creatures
  Sigmund (D:6)
  A sky beast (D:6)
  A hornet zombie (D:7)
  A centaur (D:7)
  4 big kobolds (Sewer)
  A bullfrog (D:7)
  A wyvern skeleton (D:4)
  2 scorpions
  4 wights (D:6)
  A howler monkey (D:2)
  3 crimson imps
  2 orc priests (D:3)
  3 bullfrog skeletons
  Jessica (D:2)
  An iguana (D:4)
  2 worker ants
  A worker ant zombie (D:6)
  6 gnolls
  10 adders
  A shadow imp (D:5)
  3 oozes
  2 worms (D:2)
  4 dart slugs
  9 leopard geckos
  8 orcs
  7 giant cockroaches
  3 goblins (D:1)
  9 hobgoblins
  2 jackals (D:3)
  A ball python (Sewer)
  6 bats
  2 frilled lizards
  14 kobolds
  A leopard gecko skeleton (D:5)
  5 rats
123 creatures vanquished.

Vanquished Creatures (collateral kills)
  2 gnolls (D:4)
  2 orcs (D:4)
  2 kobolds (Sewer)
  A frilled lizard (D:2)
7 creatures vanquished.

Vanquished Creatures (others)
  2 orc wizards (D:6)
  A gnoll (D:6)
  A jackal (D:6)
  A quokka (D:6)
5 creatures vanquished.

Grand Total: 135 creatures vanquished

Notes
Turn   | Place    | Note
-------+----------+-------------------------------------------
     0 | D:1      | KleinerIrrer the Octopode Transmuter began the quest for the Orb.
     0 | D:1      | Reached XP level 1. HP: 13/13 MP: 3/3
   242 | D:1      | Reached XP level 2. HP: 16/18 MP: 5/5
   754 | D:1      | Reached XP level 3. HP: 6/23 MP: 6/6
  1060 | D:2      | Reached skill level 4 in Unarmed Combat
  1240 | D:2      | Noticed Jessica
  1256 | D:2      | Reached XP level 4. HP: 20/28 MP: 7/7
  1285 | D:2      | Killed Jessica
  1401 | D:2      | Learned a level 2 spell: Sticks to Snakes
  1506 | D:2      | Reached skill level 5 in Unarmed Combat
  1506 | D:2      | Reached XP level 5. HP: 27/33 MP: 3/8
  2355 | D:3      | Reached XP level 6. HP: 24/38 MP: 9/9
  2932 | D:3      | Found a shimmering altar of Xom.
  2932 | D:3      | Found a burning altar of Makhleb.
  2936 | D:3      | Reached skill level 6 in Unarmed Combat
  3300 | D:4      | Learned a level 4 spell: Ice Form
  3567 | D:4      | Found a staircase to the Ecumenical Temple.
  3770 | D:4      | Found a glowing drain.
  3790 | Sewer    | Entered a sewer
  3930 | Sewer    | Reached XP level 7. HP: 28/43 MP: 2/10
  4339 | Sewer    | Reached skill level 7 in Unarmed Combat
  4812 | Temple   | Entered the Ecumenical Temple
  4867 | Temple   | Became a worshipper of the Wu Jian Council
  5568 | D:5      | Entered Level 5 of the Dungeon
  5574 | D:5      | Noticed FTLSpaceWarp's ghost (novice MiMo)
  6271 | D:5      | You fall through a shaft for 2 floors!
  6278 | D:7      | Reached XP level 8. HP: 38/48 MP: 11/11
  6364 | D:7      | Reached skill level 8 in Unarmed Combat
  6364 | D:7      | Reached skill level 5 in Transmutations
  6600 | D:6      | Found a shimmering altar of Xom.
  7067 | D:6      | Noticed Sigmund
  7073 | D:6      | Killed Sigmund
  7195 | D:6      | Reached skill level 9 in Unarmed Combat
  7202 | D:6      | Reached XP level 9. HP: 38/53 MP: 5/12
  7214 | D:6      | Slain by a wight

Skill      XL: |  1  2  3  4  5  6  7  8 |
---------------+-------------------------+-----
Unarmed Combat | 4 5 6 7 9 |  9.1
Dodging        | 3 4 |  4.4
Transmutations | 3 4 6 |  6.2
Fighting       | |  1.0
Spellcasting   | |  2.0
Ice Magic      | |  0.2

Action                   |  1- 3 |  4- 6 |  7- 9 || total
-------------------------+-------+-------+-------++-------
Melee: Unarmed           |    54 |   146 |   169 ||   369
       Constrict         |    15 |    36 |    20 ||    71
       Tentacles         |     9 |    17 |    25 ||    51
       Punch             |     4 |     1 |     6 ||    11
       Kick              |     1 |     1 |     2 ||     4
 Cast: Beastly Appendage |     1 |     1 |     3 ||     5
       Sticks to Snakes  |       |    11 |    14 ||    25
       Ice Form          |       |       |     4 ||     4
Invok: Lunge             |       |       |    20 ||    20
  Use: Scroll            |       |     8 |     2 ||    10
 Stab: Sleeping          |     5 |     5 |     7 ||    17
       Distracted        |       |       |     2 ||     2
  Eat: Chunk             |     1 |     9 |     5 ||    15
       Ration            |       |       |     2 ||     2
Armor: Skin              |     4 |    14 |    10 ||    28
Dodge: Dodged            |    30 |    91 |    74 ||   195
